cohdb
Replays
Latest Replays
All Replays
Popular Replays
Top Player Replays
Match Explorer
How It Works
Community
CoH3 Stats
Reddit
Sign in to upload your games and track your stats! →
Sign in with Steam
Match 47238339
Unlisted
Match 47238339
Overview
Messages
Build Orders
End
Construct Barracks
Selects Armored Battlegroup
Selects Veteran Crews
Engineer Squad
1⁄4-ton 4x4 Truck
Riflemen Squad
Riflemen Squad
Infantry Support Center
Construct Motor Pool
Selects Fast Deploy
Selects Field Repairs
M8 Greyhound Armored Car
Riflemen Squad
M1918 Browning Automatic Rifles
M1 Anti-tank Gun Team
anethma
Oncle-Hô
asfgdfgs
塔露rua
天童アリス
夜深千帳燈
0
0
Comments
sign in to comment!
No comments posted yet!